 Dungeon Crawl Stone Soup version 0.27-a0-1513-g2aaa0cc67b (webtiles) character file.

Game seed: 15967760835385698634

165 Spaninq the Cudgeller (level 5, -5/47 (53) HPs)
             Began as a Troll Chaos Knight on July 9, 2021.
             Was a Plaything of Xom.
             Splashed by Ijyb's acid (14 damage)
             ... on level 3 of the Dungeon.
             The game lasted 00:06:31 (2484 turns).

Spaninq the Cudgeller (Troll Chaos Knight)          Turns: 2484, Time: 00:06:33

HP:   -5/47 (53)    AC:  6    Str: 18 (20) XL:     5   Next: 22%
MP:   4/4           EV:  9    Int:  8      God:    Xom [.*....]
Gold: 127           SH:  0    Dex:  8      Spells: 4/4 levels left

rFire    . . .     SeeInvis .   e - +0 whip
rCold    . . .     Faith    .   (no shield)
rNeg     . . .     Spirit   .   b - +2 robe
rPois    .         Reflect  .   (helmet restricted)
rElec    .         Harm     .   (no cloak)
rCorr    .         Rampage  .   (gloves unavailable)
Will     .....                  (boots unavailable)
Stlth    +.........             (no amulet)
HPRegen  1.15/turn              (no ring)
MPRegen  0.09/turn              (no ring)

@: heavily drained
A: large, unfitting armour, claws 3, regeneration 1, shaggy fur 1, tough skin 1,
clumsy 1, deterioration 1
a: Renounce Religion


You were on level 3 of the Dungeon.
You worshipped Xom.
You were a plaything of Xom.
You visited 1 branch of the dungeon, and saw 3 of its levels.

You collected 127 gold pieces.

Inventory:

Hand Weapons
 e - a +0 whip (weapon)
Armour
 b - a +2 robe (worn)
Jewellery
 j - a ring of ice
Scrolls
 h - a scroll of brand weapon {unknown}
Potions
 a - a potion of mutation {unknown}
 c - 4 potions of curing
 d - 2 potions of invisibility {unknown}
 f - a potion of lignification {unknown}
 g - a potion of berserk rage {unknown}


   Skills:
 + Level 3.3 Fighting
 * Level 4.6 Maces & Flails
 - Level 2.1 Dodging


You had 4 spell levels left.
You didn't know any spells.
Your spell library was empty.

Dungeon Overview and Level Annotations

Branches:
Dungeon (3/15)

Altars:
Sif Muna

Annotations:
D:3 Ijyb


Innate Abilities, Weirdness & Mutations

You are too large for most types of armour.
You have claws for hands.
Your natural rate of healing is unusually fast.
You are covered in fur. (AC +1)
You have tough skin. (AC +1)
You are clumsy. (Dex -2)
Your body sometimes deteriorates upon taking damage.


Message History

Ijyb is lightly wounded.
Ijyb hits you with a +0 dagger.
You closely miss Ijyb. You whack Ijyb!
Ijyb is moderately wounded.
Ijyb barely misses you.
You hit Ijyb.
Ijyb is heavily wounded.
Ijyb hits you but does no damage.
You closely miss Ijyb.
Ijyb is heavily wounded.
Ijyb hits you with a +0 dagger.
You completely miss Ijyb.
Ijyb is heavily wounded.
Ijyb closely misses you.
You hit Ijyb but do no damage.
Ijyb is heavily wounded.
Ijyb grins evilly.
Ijyb hits you with a +0 dagger.
You barely miss Ijyb.
Ijyb is heavily wounded.
You hit Ijyb.
Ijyb is severely wounded.
Ijyb hits you but does no damage.
You barely miss Ijyb.
Ijyb is severely wounded.
Ijyb hits you with a +0 dagger.
You hit Ijyb.
Ijyb is severely wounded.
Ijyb hits you with a +0 dagger.
You closely miss Ijyb.
Ijyb is severely wounded.
Ijyb hits you with a +0 dagger.
You closely miss Ijyb.
Ijyb is severely wounded.
Ijyb zaps a wand.
The bolt of acid hits you!!
* * * LOW HITPOINT WARNING * * *
You are splashed with acid!
You die...
Xom thinks this is hilarious!

######## # #......#
######.# #......#
........ #......#
######.# #......#
........... +......+ ..
.#####+##.######@g....#
#. .#
#....#.#.....†.....# #.
.###....#.#.#######.#.#
#.
..##....#.#.#######.###
#.
..##....#.#..........
#.
...###'##.#.#######.##
#.##g#.#
.#.#...........#
#....gg.
.....#.##.####.#
#.##.#.# ........#...
#.# #.


You could see Ijyb.

Vanquished Creatures
  Terence (D:2)
  6 adders
  A worm (D:2)
  3 dart slugs (D:1)
  4 orcs (D:2)
  4 endoplasms
  4 giant cockroaches
  9 goblins
  6 hobgoblins
  11 jackals
  6 kobolds
  4 quokkas
  2 ball pythons (D:2)
  2 bats
  A frilled lizard (D:1)
  5 rats
69 creatures vanquished.

Vanquished Creatures (collateral kills)
  A kobold (D:2)
1 creature vanquished.

Vanquished Creatures (others)
  A bat (D:3)
  21 plants (D:2)
22 creatures vanquished.

Grand Total: 92 creatures vanquished

Notes
Turn   | Place    | Note
-------+----------+-------------------------------------------
     0 | D:1      | Spaninq the Troll Chaos Knight began the quest for the Orb.
     0 | D:1      | Reached XP level 1. HP: 22/22 MP: 0/0
   129 | D:1      | Reached XP level 2. HP: 29/29 MP: 1/1
   131 | D:1      | Reached skill level 3 in Maces & Flails
   502 | D:1      | XOM: divination: detect creatures
   778 | D:1      | Reached XP level 3. HP: 36/36 MP: 2/2
   785 | D:1      | XOM: potion effect (might)
  1103 | D:2      | Found a shimmering blue altar of Sif Muna.
  1229 | D:2      | Noticed Terence
  1276 | D:2      | XOM: silly message
  1323 | D:2      | Reached XP level 4. HP: 45/45 MP: 3/3
  1338 | D:2      | XOM: cast spell 'Summon Ice Beast'
  1470 | D:2      | XOM: cloud trail
  1528 | D:2      | Reached skill level 4 in Maces & Flails
  1731 | D:2      | XOM: noise
  1740 | D:2      | Killed Terence
  1758 | D:2      | XOM: noise
  1924 | D:2      | Reached XP level 5. HP: 51/53 MP: 4/4
  2199 | D:2      | XOM: draining
  2248 | D:3      | XOM: scenery: summon butterflies
  2267 | D:3      | XOM: stat loss: -1 Str (19/20)
  2349 | D:3      | XOM: 4-stop teleportation journey
  2429 | D:3      | XOM: give mutations
  2429 | D:3      | Gained mutation: You are clumsy. (Dex -2) [Xom's mischief]
  2429 | D:3      | Gained mutation: Your body sometimes deteriorates upon
                  | taking damage. [Xom's mischief]
  2460 | D:3      | Noticed Ijyb
  2484 | D:3      | Splashed by Ijyb's acid

Illustrated notes

Levels and vault maps discovered:
D:1:      erik_arrival_triangle_small, layout_basic
D:2:      minmay_skewed_foursquare, layout_basic, basic_altar, serial_bayou,
          serial_bayou_lake_a, serial_bayou_shore_b, serial_bayou_lagoon_a,
          serial_bayou_pond_d, minmay_tripent, uniq_terence
D:3:      layout_basic, gammafunk_temple_overflow_elements, uniq_ijyb

Skill      XL: |  1  2  3  4 |
---------------+-------------+-----
Dodging        | 2 |  2.1
Maces & Flails | 3 4 |  4.6
Fighting       | 3 |  3.3

Action                   |  1- 3 |  4- 6 || total
-------------------------+-------+-------++-------
Melee: Mace              |    54 |       ||    54
       Whip              |   136 |   170 ||   306
  Use: Scroll            |     1 |     2 ||     3
Armor: Robe              |   117 |    64 ||   181
Dodge: Dodged            |   123 |    58 ||   181

Table legend: (Time is in decaauts)
 A = Elapsed time spent in this place.
 B = Non-inter-level travel time spent in this place.
 C = Inter-level travel time spent in this place.
 D = Time resting spent in this place.
 E = Time spent auto-exploring this place.
 F = Levels seen in this place.
 G = Mean time per level.
                   A        B        C        D        E       F      G
               +--------+--------+--------+--------+--------+-----+--------+
         Total |   2534 |   2460 |     74 |      0 |   1782 |   3 |  844.7 |
       Dungeon |   2534 |   2460 |     74 |      0 |   1782 |   3 |  844.7 |
               +--------+--------+--------+--------+--------+-----+--------+

Top non-repeatable levels by time:
     D:2: 1249 daAuts
     D:1: 1045 daAuts
     D:3: 239 daAuts
